 Dungeon Crawl Stone Soup version 0.26-a0-651-gb41185065b (webtiles) character file.

Game seed: 10492930370418745386

26 Flugslaktarn the Ruffian (level 2, -2/29 HPs)
             Began as a Troll Fighter on Oct 27, 2020.
             Slain by an orc
             ... wielding a cursed -2 whip
              (7 damage)
             ... on level 2 of the Dungeon.
             The game lasted 00:00:25 (645 turns).

Flugslaktarn the Ruffian (Troll Fighter)             Turns: 645, Time: 00:00:26

Health: -2/29      AC:  6    Str: 23    XL:     2   Next: 89%
Magic:  1/1        EV:  8    Int:  4    God:
Gold:   43         SH:  8    Dex:  9    Spells: 1/1 levels left

rFire    . . .     SeeInvis .     - Unarmed
rCold    . . .     Faith    .   b - +0 kite shield
rNeg     . . .     Spirit   .   a - +0 robe
rPois    .         Reflect  .   (helmet restricted)
rElec    .         Harm     .   (no cloak)
rCorr    .         Rampage  .   (gloves unavailable)
MR       .....                  (boots unavailable)
Stlth    +.........             (no amulet)
HPRegen  0.49/turn              (no ring)
MPRegen  0.07/turn              (no ring)

@: no status effects
A: large, unfitting armour, claws 3, regeneration 1, shaggy fur 1, tough skin 3
a: no special abilities


You were on level 2 of the Dungeon.
You visited 1 branch of the dungeon, and saw 2 of its levels.

You collected 43 gold pieces.

Inventory:

Armour
 a - a +0 robe (worn)
 b - a +0 kite shield (worn)
Jewellery
 f - a +4 ring of evasion {unknown}
   (You found it on level 1 of the Dungeon)
Scrolls
 e - a scroll of teleportation {unknown}
Potions
 c - 2 potions of mutation {unknown}
 d - 2 potions of might
 g - a potion of brilliance {unknown}
 h - a potion of haste {unknown}


   Skills:
 + Level 2.8 Fighting
 - Level 2.4 Dodging
 - Level 2.4 Shields
 * Level 3.0 Unarmed Combat


You had one spell level left.
You didn't know any spells.
Your spell library was empty.

Dungeon Overview and Level Annotations

Branches:
Dungeon (2/15)

Altars:


Innate Abilities, Weirdness & Mutations

You are too large for most types of armour.
You have claws for hands.
Your natural rate of healing is unusually fast.
You are covered in fur. (AC +1)
You have extremely tough skin. (AC +3)


Message History

The orc shouts! x3
There are monsters nearby!
There are monsters nearby!
The orc hits you from afar with a +0 trident.
The orc hits you with a cursed -2 whip.
You scratch the orc.
The orc is moderately wounded.
The worm bites you.
The orc hits you from afar with a +0 trident.
You barely miss the orc.
The orc is moderately wounded.
You block the orc's attack.
The orc hits you from afar with a +0 trident.
You closely miss the orc.
The orc is moderately wounded.
The orc completely misses you. The orc hits you with a +0 club.
The worm bites you!
* * * LOW HITPOINT WARNING * * *
The orc hits you with a cursed -2 whip!
You die...

##.#.#.#.# #.#
#.#......... ##...##.#
#.# ##########
##.###.###.# # ####.#
#...#.## .#
...†(#####....## .#
...............###.#####
#########..............#
#..#.#.........#
#..###..@o.....# #..#
#.oowo....# #...
#.........#
.....#.........#
................#
#.....#..........
..#.........# ..
...########


You could see a worm and 4 orcs.

Vanquished Creatures
  2 leopard geckos (D:1)
  4 hobgoblins
  2 jackals (D:2)
  A kobold (D:1)
  6 bats (D:1)
  2 frilled lizards (D:1)
  3 goblins (D:1)
  4 rats
24 creatures vanquished.

Notes
Turn   | Place    | Note
-------+----------+-------------------------------------------
     0 | D:1      | Flugslaktarn the Troll Fighter began the quest for the Orb.
     0 | D:1      | Reached XP level 1. HP: 22/22 MP: 0/0
   164 | D:1      | Reached XP level 2. HP: 29/29 MP: 1/1
   598 | D:2      | Reached skill level 3 in Unarmed Combat
   645 | D:2      | Slain by an orc

Illustrated notes

Levels and vault maps discovered:
D:1:      minmay_arrival_arboretum_small, layout_loops_ring
D:2:      minmay_roachtagon, layout_loops_ring, lemuel_doored_altar

Skill      XL: |  1  2 |
---------------+-------+-----
Unarmed Combat | 3 |  3.0
Fighting       | |  2.8
Dodging        | |  2.4
Shields        | |  2.4

Action                   || total
-------------------------++-------
Melee: Unarmed           ||    62
Armor: Robe              ||    22
Dodge: Dodged            ||    24
Block: Kite shield       ||    22

Table legend: (Time is in decaauts)
 A = Elapsed time spent in this place.
 B = Non-inter-level travel time spent in this place.
 C = Inter-level travel time spent in this place.
 D = Time resting spent in this place.
 E = Time spent auto-exploring this place.
 F = Levels seen in this place.
 G = Mean time per level.
                   A        B        C        D        E       F      G
               +--------+--------+--------+--------+--------+-----+--------+
         Total |    645 |    617 |     28 |      0 |    471 |   2 |  322.5 |
       Dungeon |    645 |    617 |     28 |      0 |    471 |   2 |  322.5 |
               +--------+--------+--------+--------+--------+-----+--------+

Top non-repeatable levels by time:
     D:1: 561 daAuts
     D:2: 84 daAuts
